 Dungeon Crawl Stone Soup version 0.27.1-3-gb3d3a73c9e (webtiles) character file.

Game seed: 8566815807944574279

14650 dekerabia the Grappler (level 12, -4/101 HPs)
             Began as a Ghoul Fighter on Oct 16, 2021.
             Was a Priest of Ru.
             Slain by a six-headed hydra (7 damage)
             ... on level 1 of the Lair of Beasts on Oct 17, 2021.
             The game lasted 00:18:49 (14093 turns).

dekerabia the Grappler (Ghoul Fighter)             Turns: 14093, Time: 00:18:49

Health: -4/101     AC: 13    Str: 25    XL:     12   Next: 18%
Magic:  11/11      EV:  8    Int:  3    God:    Ru [***...]
Gold:   620        SH: 10    Dex:  8    Spells: 11/11 levels left

rFire    . . .     SeeInvis .     - Unarmed
rCold    + + .     Faith    .   b - +0 kite shield
rNeg     + + +     Spirit   .   a - +0 scale mail
rPois    ∞         Reflect  .   h - +2 helmet
rElec    .         Harm     .   q - +0 cloak
rCorr    .         Rampage  .   (no gloves)
Will     .....                  w - +0 pair of boots
Stlth    +.........             B - amulet of regeneration
HPRegen  0.00/turn              p - ring of flight
MPRegen  0.12/turn              v - ring of protection from cold

@: horrified, flying, inhibited regen, hasted, studying Short Blades, very quick
A: claws 1, cold resistance 1, negative energy resistance 3, inhibited
regeneration, torment resistance 2, cowardly, inability to train dodging,
unskilled 1
a: Renounce Religion, Draw Out Power


You were on level 1 of the Lair of Beasts.
You worshipped Ru.
Ru was most pleased with you.
You visited 3 branches of the dungeon, and saw 14 of its levels.

You collected 781 gold pieces.
You spent 161 gold pieces at shops.

Inventory:

Missiles
 u - 2 throwing nets
Armour
 a - a +0 scale mail (worn)
 b - a +0 kite shield (worn)
 h - a +2 helmet (worn)
 q - a +0 cloak (worn)
 w - a +0 pair of boots (worn)
Jewellery
 p - a ring of flight (left claw)
 v - a ring of protection from cold (right claw)
 B - an amulet of regeneration (around neck)
Wands
 e - a wand of polymorph (6)
 i - a wand of acid (9)
 x - a wand of paralysis (5)
 z - a wand of iceblast (16)
 D - a wand of flame (16)
Scrolls
 d - a scroll of enchant weapon {unknown}
 g - a scroll of amnesia
 j - 2 scrolls of identify
 l - 3 scrolls of noise {unknown}
 m - 2 scrolls of torment {unknown}
 o - 2 scrolls of immolation {unknown}
 r - 2 scrolls of acquirement {unknown}
 y - a scroll of summoning {unknown}
 A - 2 scrolls of blinking {unknown}
 E - a scroll of brand weapon {unknown}
 F - a scroll of silence {unknown}
Potions
 c - 2 potions of invisibility
 f - 3 potions of attraction
 k - a potion of magic
 n - 2 potions of lignification
 s - a potion of brilliance
 C - a potion of curing
 G - 4 potions of mutation {unknown}


   Skills:
 + Level 7.9 Fighting
 * Level 6.1 Armour
   Level 0.0 Dodging
 + Level 4.8 Stealth
 * Level 6.1 Shields
 * Level 12.8 Unarmed Combat
 + Level 3.6 Evocations


You had 11 spell levels left.
You didn't know any spells.
Your spell library contained the following spells:

 Spells                   Type           Power      Damage    Failure   Level
 Gell's Gravitas          Tloc           0%         N/A       100%        3
 Teleport Other           Tloc           0%         N/A       100%        3
 Cause Fear               Hex            0%         N/A       100%        4
 Dispersal                Tloc           0%         N/A       100%        6
 Disjunction              Tloc           0%         N/A       100%        8
 Dragon's Call            Summ           0%         N/A       100%        9
 Dragon Form              Tmut           Unusable   N/A       N/A         7

Dungeon Overview and Level Annotations

Branches:
Dungeon (11/15)            Temple (1/1) D:4            Lair (2/6) D:8
  Swamp: Lair:2-4    Shoals: Lair:2-4     Snake: Lair:2-4    Spider: Lair:2-4
    Orc: D:9-12

Altars:
Ashenzari
Cheibriados
Dithmenos
Elyvilon
Fedhas
Gozag
Hepliaklqana
Kikubaaqudgha
Makhleb
Nemelex Xobeh
Okawaru
Qazlal
Ru
Sif Muna
Trog
Uskayaw
Vehumet
Wu Jian
Xom
Yredelemnul
Zin
The Shining One

Shops:
D:2 *   D:3 :   D:6 =   D:7 ((=:

Annotations:
D:7 4 runed translucent doors
D:8 exclusion: electric eel
Lair:1 exclusion: oklob plant


Innate Abilities, Weirdness & Mutations

You thrive by killing the living.
You are immune to poison.
You have sharp fingernails.
Your flesh is cold resistant. (rC+)
You are immune to negative energy. (rN+++)
You do not regenerate when monsters are visible.
You are immune to unholy pain and torment.
Your cowardice makes you less effective in combat with threatening monsters.
You cannot train Dodging skill.
You are somewhat unskilled. (-1 Apt)


Message History

Level annotation: exclusion: oklob plant The six-headed hydra bites you!
The six-headed hydra barely misses you. The six-headed hydra bites you!
You block the six-headed hydra's attack.
The six-headed hydra bites you. x2
You focus your inner power and illuminate the six-headed hydra in retribution!
You block the six-headed hydra's attack.
The six-headed hydra bites you but does no damage.
The six-headed hydra bites you!
You block the six-headed hydra's attack.
The six-headed hydra bites you but does no damage.
The six-headed hydra bites you.
You feel a twist of horror at the sight of this foe.
There is a stone staircase leading down here.
Aiming: Corrosive Bolt
Press: ? - help, Shift-Dir - straight line, f - six-headed hydra
Aim: a six-headed hydra (softly glowing, 94% to hit)
The bolt of acid hits the six-headed hydra!
The six-headed hydra is splashed with acid.
The six-headed hydra is moderately wounded.
The six-headed hydra bites you!
The six-headed hydra bites you but does no damage.
The six-headed hydra bites you! x2
You block the six-headed hydra's attack.
The six-headed hydra bites you!
* * * LOW HITPOINT WARNING * * *
Okay, then.
You feel yourself speed up.
A basilisk comes into view.
The six-headed hydra bites you!
* * * LOW HITPOINT WARNING * * *
The six-headed hydra bites you.
* * * LOW HITPOINT WARNING * * *
The six-headed hydra bites you.
* * * LOW HITPOINT WARNING * * *
The six-headed hydra bites you!
* * * LOW HITPOINT WARNING * * *
You block the six-headed hydra's attack.
The six-headed hydra bites you!
You die...

............#......##.........P#
...........#........##........##
...........#...####..#.........##
...........#.#.....#.##..........
..........#...........#.......P+#
....##.#.#...#....... ##........#
###.#.⌠......#.⌠.⌠.## ###.#.....
.........#..#.......# ..#.....
...#⌠.>..+..#...@...# #.#P
...#...........D.......# .....
.(.##.⌠.....##.⌠.⌠.#..?. .....
....##.#.##............. ....
.......... ........... . ...###
..#..#...#..#l# ...# .
...#..#...# # ...# .#........##
...#


You could see a six-headed hydra (corona) and a basilisk (wandering).

Vanquished Creatures
  A boulder beetle (D:10)
  Erolcha (D:9)
  2 centaur warriors (D:8)
  A two-headed ogre (D:11)
  Sonja (Lair:1)
  Nergalle (D:8)
  Pikel (D:8)
  Maurice (D:9)
  A kobold demonologist (D:11)
  A komodo dragon (Lair:2)
  2 trolls
  A meliai (D:11)
  Grinder (D:6)
  2 shadows
  2 wyverns (D:9)
  13 yaks
  A wraith (D:10)
  Grum (D:9)
  3 steam dragons
  4 acid dragons
  2 water moccasins
  An orc warrior (D:9)
  2 ice beasts
  A sky beast (D:7)
  7 centaurs
  A necrophage (D:7)
  4 wolves
  2 ogres
  A phantom (D:6)
  3 lemures (D:8)
  A kobold brigand (D:8)
  7 bullfrogs
  A wyvern zombie (D:8)
  4 scorpions
  10 killer bees
  11 wights
  4 howler monkeys
  2 electric eels (D:8)
  A bullfrog zombie (D:6)
  4 centaur zombies
  A centaur skeleton (D:7)
  7 hounds
  4 orc priests
  A gnoll shaman (D:5)
  A jelly (D:5)
  A bullfrog skeleton (D:6)
  Natasha (thrice) (D:3)
  2 iguanas
  4 orc wizards
  A killer bee zombie (D:8)
  2 howler monkey zombies (D:8)
  Robin (D:3)
  12 gnolls
  A howler monkey skeleton (D:5)
  7 adders
  A shadow imp (D:6)
  A white imp (D:7)
  2 worms
  2 dart slugs
  11 orcs
  4 bats
  6 endoplasms
  4 giant cockroaches
  9 hobgoblins
  4 jackals (D:2)
  10 kobolds
  3 quokkas
  8 ball pythons
  A frilled lizard (D:2)
  9 goblins
  4 rats
  A spectral hobgoblin (D:4)
  A toadstool (D:1)
239 creatures vanquished.

Vanquished Creatures (others)
  A fungus (D:1)
  A plant (D:3)
  3 toadstools (D:1)
5 creatures vanquished.

Grand Total: 244 creatures vanquished

Notes
Turn   | Place    | Note
-------+----------+-------------------------------------------
     0 | D:1      | dekerabia the Ghoul Fighter began the quest for the Orb.
     0 | D:1      | Reached XP level 1. HP: 19/19 MP: 0/0
   374 | D:1      | Found a faded altar of an unknown god.
   720 | D:2      | Reached XP level 2. HP: 18/26 MP: 1/1
   912 | D:2      | Reached skill level 3 in Unarmed Combat
  1136 | D:2      | Reached XP level 3. HP: 30/33 MP: 2/2
  1239 | D:2      | Found Tanetau's Assorted Antiques.
  1304 | D:2      | Bought an embroidered hat for 161 gold pieces
  1627 | D:2      | Reached skill level 4 in Unarmed Combat
  1627 | D:2      | Reached XP level 4. HP: 38/40 MP: 3/3
  1805 | D:3      | Noticed Natasha
  1819 | D:3      | Killed Natasha
  1820 | D:3      | Reached XP level 5. HP: 31/47 MP: 4/4
  1951 | D:3      | Noticed Robin
  1971 | D:3      | Killed Robin
  1972 | D:3      | Reached skill level 5 in Unarmed Combat
  2010 | D:3      | Noticed Natasha
  2019 | D:3      | Killed Natasha
  2289 | D:3      | Found Qabo's Book Emporium.
  2380 | D:3      | Noticed a water moccasin
  2414 | D:3      | Killed a water moccasin
  2415 | D:3      | Reached skill level 5 in Fighting
  2415 | D:3      | Reached skill level 6 in Unarmed Combat
  2415 | D:3      | Reached XP level 6. HP: 25/56 MP: 5/5
  2895 | D:3      | Noticed Natasha
  2903 | D:3      | Killed Natasha
  2989 | D:4      | Reached XP level 7. HP: 15/61 MP: 6/6
  3241 | D:4      | Found a staircase to the Ecumenical Temple.
  3256 | Temple   | Entered the Ecumenical Temple
  3444 | Temple   | Became a worshipper of Ru the Awakened
  3578 | D:4      | Found a blossoming altar of Fedhas.
  3581 | D:4      | Found an ancient bone altar of Kikubaaqudgha.
  3737 | D:4      | Found a blossoming altar of Fedhas.
  3957 | D:4      | Found a hazy altar of Hepliaklqana.
  4150 | D:5      | Entered Level 5 of the Dungeon
  4164 | D:5      | Reached skill level 7 in Unarmed Combat
  4623 | D:5      | Reached skill level 8 in Unarmed Combat
  4623 | D:5      | Reached XP level 8. HP: 59/71 MP: 7/7
  4867 | D:5      | Reached skill level 9 in Unarmed Combat
  4884 | D:5      | Gained mutation: Your cowardice makes you less effective in
                  | combat with threatening monsters. [Ru sacrifice]
  4884 | D:5      | Reached * piety under Ru
  5118 | D:6      | Noticed Grinder
  5124 | D:6      | Paralysed by Grinder for 7 turns
  5139 | D:6      | Killed Grinder
  5140 | D:6      | Reached skill level 10 in Unarmed Combat
  5302 | D:6      | Noticed a two-headed ogre
  5304 | D:6      | Noticed a two-headed ogre
  6071 | D:6      | Reached XP level 9. HP: 79/79 MP: 8/8
  6140 | D:6      | Reached skill level 11 in Unarmed Combat
  6307 | D:6      | Found Faucleam's Jewellery Boutique.
  6396 | D:6      | Reached skill level 12 in Unarmed Combat
  6813 | D:7      | Found Pever's Book Shoppe.
  6817 | D:7      | Found Xikhior's Jewellery Shop.
  6865 | D:7      | Found a huge runed translucent gate.
  6865 | D:7      | Found a huge runed translucent gate.
  6865 | D:7      | Found a huge runed translucent gate.
  6865 | D:7      | Noticed a polar bear
  6866 | D:7      | Found a huge runed translucent gate.
  6866 | D:7      | Noticed a death yak
  6866 | D:7      | Noticed a polar bear
  6866 | D:7      | Noticed a polar bear
  6867 | D:7      | Noticed a manticore
  6966 | D:7      | Found Waumpin's Antique Weapon Shoppe.
  7102 | D:7      | Found Uhaov's Weapon Shoppe.
  7125 | D:7      | Reached skill level 13 in Unarmed Combat
  7652 | D:7      | Found a bloodstained altar of Trog.
  7826 | D:8      | Reached skill level 1 in Dodging
  7827 | D:8      | Reached XP level 10. HP: 75/86 MP: 9/9
  7922 | D:8      | Reached skill level 1 in Stealth
  8036 | D:8      | Reached skill level 1 in Evocations
  8356 | D:8      | Noticed a centaur warrior
  8360 | D:8      | Killed a centaur warrior
  8398 | D:8      | Found a staircase to the Lair.
  8411 | D:8      | Gained mutation: You are somewhat unskilled. (-1 Apt) [Ru
                  | sacrifice]
  8411 | D:8      | Reduced skill Unarmed Combat to level 12
  8411 | D:8      | Reached ** piety under Ru
  9045 | D:8      | Identified the +1 leather armour of Spite {rPois rCorr
                  | Int-2}
  9580 | D:8      | Noticed a centaur warrior
  9591 | D:8      | Killed a centaur warrior
 10471 | D:8      | Reached XP level 11. HP: 87/92 MP: 10/10
 10709 | D:8      | Found a stormy altar of Qazlal.
 10897 | D:9      | Noticed Pikel
 10996 | D:8      | Killed Pikel
 11230 | D:9      | Found an ornate altar of the Wu Jian Council.
 11338 | D:9      | Noticed Grum
 11360 | D:9      | Killed Grum
 11636 | D:9      | Noticed Maurice
 11645 | D:9      | Killed Maurice
 11910 | D:9      | Noticed Erolcha
 11949 | D:9      | Killed Erolcha
 12085 | D:9      | Reached skill level 5 in Shields
 12375 | D:10     | Entered Level 10 of the Dungeon
 12544 | D:10     | Reached skill level 5 in Armour
 12611 | D:9      | Gained mutation: You cannot train Dodging skill. [Ru
                  | sacrifice]
 12611 | D:9      | Reached *** piety under Ru
 13015 | D:11     | Noticed a two-headed ogre
 13028 | D:11     | Killed a two-headed ogre
 13045 | D:11     | Noticed a swamp dragon
 13091 | D:11     | Noticed a boulder beetle
 13098 | D:11     | Noticed a boulder beetle
 13099 | D:11     | Noticed a death knight
 13135 | D:10     | Killed a boulder beetle
 13158 | D:11     | Noticed a boulder beetle
 13322 | D:11     | Noticed a deep elf pyromancer
 13403 | Lair:1   | Entered Level 1 of the Lair of Beasts
 13409 | Lair:1   | Found the +12 glaive of Prune {vorpal}
 13419 | Lair:1   | Noticed Sonja
 13424 | Lair:1   | Noticed Nergalle
 13510 | D:8      | Killed Nergalle
 13559 | D:8      | Reached XP level 12. HP: 69/100 MP: 11/11
 13597 | Lair:1   | Killed Sonja
 13689 | Lair:1   | Found a snail-covered altar of Cheibriados.
 13844 | Lair:1   | You are sucked into a shaft and drop 1 floor!
 14046 | Lair:1   | Noticed a six-headed hydra
 14093 | Lair:1   | HP: 3/101 [six-headed hydra (10)]
 14093 | Lair:1   | Slain by a six-headed hydra

Illustrated notes

Levels and vault maps discovered:
D:1:      nagdon_arrival_double_spiral, layout_basic,
          shapermc_ecumenical_altar_flowoftime, hangedman_decor_growths,
          minmay_gold_behind_fungi, roderic_lattice_a
D:2:      layout_rooms, serial_shops, nicolae_shop_stone, basic_altar,
          minmay_worlds_worst_comb
D:3:      layout_rooms, serial_shops, shop, serial_bayou_crossing, uniq_natasha,
          uniq_robin
D:4:      layout_basic, nicolae_hepliaklqana_monster_ancestors,
          grunt_temple_overflow_growth_and_decay, minmay_temple_entry_crystal_x,
          kennysheep_flooded_box
D:5:      layout_rooms
D:6:      layout_loops_ring, serial_shops, nicolae_stop_n_shop_2,
          hellmonk_bongcloud_opening, minmay_fountain_box, minmay_manual_mail,
          uniq_grinder
D:7:      lemuel_bear_cage, layout_loops_ring, trog_book, serial_shops,
          nicolae_shop_behind_doors, shop_coins, shop, nicolae_shop_crystal,
          st_stairs_10
D:8:      cheibrodos_barr_body, layout_basic, mainiacjoe_overflow_paths,
          erik_lair_island
D:9:      layout_loops_cross, nicolae_wu_jian_immortal_techniques,
          minmay_misc_feat_encased, uniq_erolcha, uniq_pikel, uniq_grum,
          uniq_maurice
D:10:     layout_cave_pools
D:11:     minmay_the_grid_square_5x5_5x5_mashed
          [minmay_the_grid_square_5x5_n_small, minmay_the_grid_square_5x5_mess,
          minmay_the_grid_square_5x5_minimal, minmay_the_grid_square_5x5_empty,
          minmay_the_grid_square_5x5_bridge,
          minmay_the_grid_square_5x5_six_small,
          minmay_the_grid_square_5x5_prize_open,
          minmay_the_grid_square_5x5_broken_cross,
          minmay_the_grid_square_5x5_prize_waves,
          minmay_the_grid_square_5x5_checkered,
          minmay_the_grid_square_5x5_almost_minimal,
          minmay_the_grid_square_5x5_two_walls_a,
          minmay_the_grid_square_5x5_prize_snowflake,
          minmay_the_grid_square_5x5_meh,
          minmay_the_grid_square_5x5_checkered_statues,
          minmay_the_grid_square_5x5_tetrominoes,
          minmay_the_grid_square_5x5_prize_pseudospiral,
          minmay_the_grid_square_5x5_beaten_path,
          minmay_the_grid_square_5x5_prize_open, minmay_the_grid_square_5x5_c,
          minmay_the_grid_square_5x5_pentomino_r,
          minmay_the_grid_square_5x5_fancy_junction,
          minmay_the_grid_square_5x5_bite,
          minmay_the_grid_square_5x5_eight_small,
          minmay_the_grid_square_5x5_one_wall], layout_basic
Temple:   regret_index_temple_sphere_string
Lair:1:   layout_chaotic_city, lemuel_oklob_altar, lemuel_fruit_fields,
          grunt_megastairs_2, uniq_nergalle, uniq_sonja
Lair:2:   cheibrodos_lair_overgrown_chateau, layout_chaotic_city,
          nicolae_spider_entry_non_spiders, grunt_megastairs_4

Skill      XL: |  1  2  3  4  5  6  7  8  9 10 11 12 |
---------------+-------------------------------------+-----
Unarmed Combat | 3 4 6 8 10 13 12 | 12.8
Fighting       | 4 5 6 7 7 |  7.9
Dodging        | 1 3 0 |  0.0
Shields        | 3 4 5 6 |  6.1
Armour         | 4 5 6 |  6.1
Stealth        | 2 4 |  4.8
Evocations     | 2 3 |  3.6

Action                   |  1- 3 |  4- 6 |  7- 9 | 10-12 || total
-------------------------+-------+-------+-------+-------++-------
Melee: Unarmed           |   120 |   153 |   272 |   454 ||   999
Throw: Throwing net      |       |       |     3 |       ||     3
Invok: Sacrifice Courage |       |       |     1 |       ||     1
       Sacrifice Skill   |       |       |       |     1 ||     1
       Draw Out Power    |       |       |       |     5 ||     5
       Sacrifice Nimblen |       |       |       |     1 ||     1
Evoke: Wand              |       |       |     6 |     5 ||    11
  Use: Potion            |     2 |     3 |     1 |     3 ||     9
       Scroll            |       |       |     7 |     3 ||    10
 Stab: Invisible         |       |       |       |     5 ||     5
       Distracted        |       |       |       |     1 ||     1
Armor: Scale mail        |    62 |    65 |   136 |   222 ||   485
Dodge: Dodged            |    46 |    68 |    83 |   218 ||   415
Block: Kite shield       |    76 |    81 |   130 |   295 ||   582
